 Dungeon Crawl Stone Soup version 0.26-a0-639-g72c4674329 (webtiles) character file.

Game seed: 9976012970003966067

942 Tobisume the Twirler (level 7, 0/52 HPs)
             Began as a Demonspawn Gladiator on Sept 25, 2020.
             Succumbed to a killer bee's poison
             ... on level 8 of the Dungeon.
             The game lasted 00:11:37 (6448 turns).

Tobisume the Twirler (Demonspawn Gladiator)         Turns: 6448, Time: 00:11:38

Health: 0/52       AC: 13    Str: 15 (16) XL:     7   Next: 88%
Magic:  1/7        EV:  5    Int:  7 (9)  God:
Gold:   358        SH:  0    Dex: 15      Spells: 6/6 levels left

rFire    . . .     SeeInvis .   B - +3 quarterstaff (chaos)
rCold    . . .     Faith    .   (shield currently unavailable)
rNeg     . . .     Spirit   +   z - +0 plate armour
rPois    .         Reflect  .   c - +0 helmet
rElec    .         Harm     .   (no cloak)
rCorr    .         Rampage  .   (no gloves)
MR       .....                  (no boots)
Stlth    ..........             (no amulet)
HPRegen  0.17/turn              (no ring)
MPRegen  0.20/turn              (no ring)

@: lethally poisoned (0 -> -2)
A: talons 2, demonic guardian 1, magic shield, magic regeneration
a: no special abilities


You were on level 8 of the Dungeon.
You visited 1 branch of the dungeon, and saw 7 of its levels.

You collected 358 gold pieces.

Inventory:

Hand Weapons
 B - a +3 quarterstaff of chaos (weapon)
Missiles
 d - 3 throwing nets (quivered)
Armour
 c - a +0 helmet (worn)
 z - a +0 plate armour (worn)
Jewellery
 e - an uncursed ring of positive energy {unknown}
 x - a +6 ring of strength {unknown}
 y - an uncursed ring of see invisible {unknown}
Wands
 b - a wand of iceblast (11)
 m - a wand of disintegration (14)
Scrolls
 a - a scroll of fog {unknown}
 h - 2 scrolls of enchant weapon {unknown}
 j - 5 scrolls of identify {unknown}
 k - 2 scrolls of enchant armour {unknown}
 l - 2 scrolls of blinking {unknown}
 n - 4 scrolls of remove curse {unknown}
 q - 2 scrolls of magic mapping {unknown}
 r - 2 scrolls of teleportation {unknown}
 s - 3 scrolls of fear {unknown}
 v - 3 scrolls of random uselessness {unknown}
 w - a scroll of amnesia {unknown}
 A - a scroll of immolation {unknown}
Potions
 f - 2 potions of brilliance
 g - a potion of haste {unknown}
 i - a potion of flight
 p - a potion of curing
 t - a potion of invisibility {unknown}
 u - a potion of resistance {unknown}


   Skills:
 + Level 3.4 Fighting
 * Level 6.7 Staves
 - Level 1.7 Throwing
 * Level 4.6 Armour
 - Level 2.6 Dodging


You had 6 spell levels left.
You didn't know any spells.
Your spell library was empty.

Dungeon Overview and Level Annotations

Branches:
Dungeon (6/15)
 Temple: D:4-7

Altars:
Dithmenos

Shops:
D:5 (


Innate Abilities, Weirdness & Mutations

You have razor-sharp toenails.
A weak demonic guardian rushes to your aid.
When hurt, damage is shared between your health and your magic reserves.
You regenerate magic rapidly.


Message History

The killer bee stings you but does no damage.
The ogre moves out of view.
You feel sick.
The killer bee stings you but does no damage.
The orc warrior shouts!
You hear a shout! x2
The killer bee stings you.
You feel sick.
The ogre hits you with a +0 giant spiked club!
* * * LOW HITPOINT WARNING * * *
The killer bee barely misses you. The killer bee barely misses you.
You hit the orc priest but do no damage.
Your kick misses the orc priest. The killer bee barely misses you.
The ogre hits you with a +0 giant spiked club.
* * * LOW HITPOINT WARNING * * *
The orc priest hits you but does no damage.
You sock the orc priest!
You kill the orc priest!
You feel your strength returning.
You die...

...$# ....# y...# # # #####
#####...# ........#
........################
..............yy@5.....#
........########O5......
...............#........
#####.#........#...o....
#..........#........
#####..........#.........# #..
....†(.........#.....o...# ....
######.........#.........###...
. #### #.........# ...........
[.


You could see an orc warrior, an ogre, 2 killer bees, an orc, a friendly iron
imp (summoned) and a friendly ufetubus (summoned).

Vanquished Creatures
  An ogre (D:4)
  A centaur (D:5)
  2 killer bees (D:8)
  A howler monkey (D:5)
  A jelly (D:5)
  5 hounds
  2 orc priests
  Crazy Yiuf (D:5)
  An iguana (D:6)
  A worker ant (D:4)
  9 adders
  A shadow imp (D:4)
  A white imp (D:5)
  An ooze (D:3)
  2 adder skeletons (D:5)
  2 worms (D:4)
  2 dart slugs
  6 leopard geckos
  3 orcs
  12 bats
  2 giant cockroaches
  6 goblins
  8 hobgoblins
  2 quokkas
  9 frilled lizards
  6 kobolds
  4 rats
92 creatures vanquished.

Vanquished Creatures (collateral kills)
  Duvessa (D:4)
  Dowan (D:4)
  A killer bee (D:8)
  A howler monkey (D:4)
  2 orcs (D:3)
  A giant cockroach (D:8)
  A frilled lizard (D:5)
  A rat (D:3)
9 creatures vanquished.

Vanquished Creatures (others)
  An ufetubus (D:5)
  A plant (D:8)
2 creatures vanquished.

Grand Total: 103 creatures vanquished

Notes
Turn   | Place    | Note
-------+----------+-------------------------------------------
     0 | D:1      | Tobisume the Demonspawn Gladiator began the quest for the
                  | Orb.
     0 | D:1      | Reached XP level 1. HP: 16/16 MP: 1/1
   127 | D:1      | Reached skill level 3 in Staves
   329 | D:1      | Gained mutation: You have sharp toenails. [demonic
                  | ancestry]
   329 | D:1      | Reached XP level 2. HP: 21/22 MP: 2/2
  1294 | D:2      | Reached skill level 1 in Armour
  1402 | D:2      | Gained mutation: A weak demonic guardian rushes to your
                  | aid. [demonic ancestry]
  1402 | D:2      | Reached XP level 3. HP: 10/27 MP: 3/3
  2051 | D:2      | Reached XP level 4. HP: 30/33 MP: 4/4
  2087 | D:2      | Found a faded altar of an unknown god.
  2518 | D:3      | Reached skill level 4 in Staves
  2884 | D:3      | Gained mutation: You have razor-sharp toenails. [demonic
                  | ancestry]
  2884 | D:3      | Reached XP level 5. HP: 37/39 MP: 5/5
  3598 | D:4      | Reached skill level 5 in Staves
  3654 | D:4      | Noticed an ogre
  3666 | D:4      | Killed an ogre
  3666 | D:4      | Gained mutation: When hurt, damage is shared between your
                  | health and your magic reserves. [demonic ancestry]
  3666 | D:4      | Reached XP level 6. HP: 46/46 MP: 6/6
  3985 | D:5      | Entered Level 5 of the Dungeon
  4134 | D:5      | Noticed Dowan
  4141 | D:5      | Noticed Duvessa
  4518 | D:4      | Killed Duvessa
  4518 | D:4      | Reached skill level 6 in Staves
  4518 | D:4      | Gained mutation: You regenerate magic rapidly. [demonic
                  | ancestry]
  4518 | D:4      | Reached XP level 7. HP: 32/52 MP: 7/7
  4528 | D:4      | Killed Dowan
  5712 | D:5      | Found Raapim's Weapon Shop.
  5745 | D:5      | Found a runed translucent door.
  5746 | D:5      | Noticed Crazy Yiuf
  5906 | D:5      | Killed Crazy Yiuf
  6161 | D:6      | Found a shadowy altar of Dithmenos.
  6319 | D:6      | You fall into a shaft and drop 2 floors!
  6447 | D:8      | HP: 1/52 [ogre/+0 giant spiked club (4)]
  6448 | D:8      | Succumbed to a killer bee's poison

Illustrated notes

Levels and vault maps discovered:
D:1:      saegor_arrival_simple_c, layout_basic, minmay_octomino_e4
D:2:      layout_basic, chequers_ecumenical_altar_island
D:3:      layout_loops_ring, serial_glass, glass_columns_b, glass_columns_a,
          kennysheep_nub
D:4:      layout_loops_ring
D:5:      layout_cave_pools, serial_shops, kennysheep_mini_moat,
          uniq_crazy_yiuf_cottage, uniq_duvessa
D:6:      layout_basic, biasface_ghost_orc_armoury,
          nicolae_dithmenos_shadow_blocks
D:8:      layout_basic, trog_eyes_of_draining, basic_altar, serial_bayou_pond_a,
          uniq_psyche

Skill      XL: |  1  2  3  4  5  6  7 |
---------------+----------------------+-----
Staves         | 3 4 5 6 |  6.7
Armour         | 1 2 3 4 |  4.6
Fighting       | 3 |  3.4
Throwing       | |  1.7
Dodging        | |  2.6

Action                   |  1- 3 |  4- 6 |  7- 9 || total
-------------------------+-------+-------+-------++-------
Melee: Quarterstaff      |   106 |   171 |    62 ||   339
       Kick              |     2 |    25 |    20 ||    47
  Use: Potion            |       |     5 |     4 ||     9
 Stab: Sleeping          |     1 |       |       ||     1
Armor: Leather armour    |    43 |    27 |       ||    70
       Scale mail        |       |    58 |     6 ||    64
       Plate armour      |       |       |    56 ||    56
Dodge: Dodged            |   108 |   106 |    41 ||   255

Table legend: (Time is in decaauts)
 A = Elapsed time spent in this place.
 B = Non-inter-level travel time spent in this place.
 C = Inter-level travel time spent in this place.
 D = Time resting spent in this place.
 E = Time spent auto-exploring this place.
 F = Levels seen in this place.
 G = Mean time per level.
                   A        B        C        D        E       F      G
               +--------+--------+--------+--------+--------+-----+--------+
         Total |   6483 |   6284 |    199 |   1056 |   4300 |   7 |  926.1 |
       Dungeon |   6483 |   6284 |    199 |   1056 |   4300 |   7 |  926.1 |
               +--------+--------+--------+--------+--------+-----+--------+

Top non-repeatable levels by time:
     D:4: 1628 daAuts
     D:1: 1247 daAuts
     D:2: 1201 daAuts
     D:3: 983 daAuts
     D:5: 949 daAuts
     D:6: 344 daAuts
     D:8: 128 daAuts
